 Dungeon Crawl Stone Soup version 0.30-a0-6-g7c9e10e132 (webtiles) character file.

Game seed: 11114835939737186946

3938 freelancePsychic the Covert (level 10, 0/68 HPs)
             Began as an Octopode Brigand on Aug 22, 2022.
             Was a Believer of Cheibriados.
             Slain by a gnoll sergeant
             ... wielding a +2 spear of freezing
              (1 damage)
             ... on level 8 of the Dungeon.
             The game lasted 00:13:27 (7525 turns).

freelancePsychic the Covert (Octopode Brigand)      Turns: 7525, Time: 00:13:28

Health: 0/68       AC:  1    Str: 16    XL:     10   Next: 21%
Magic:  10/10      EV: 18    Int: 19    God:    Cheibriados [**....]
Gold:   617        SH:  6    Dex: 22    Spells: 9/9 levels left

rFire   . . .      SeeInvis +    y - +2 short sword (venom)
rCold   . . .      Faith    .    G - +2 buckler
rNeg    . . .      Spirit   .    (helmet restricted)
rPois   +          Reflect  .    (no amulet)
rElec   .          Harm     .    h - +4 ring of slaying
rCorr   .          Rampage  .    C - ring of poison resistance
Will    .....                    (no ring)
Stlth   +++++.....               D - ring of see invisible
HPRegen 0.21/turn                (no ring)
MPRegen 0.12/turn                (no ring)
                                 (no ring)
                                 (no ring)

@: silenced, flying, very slow
A: almost no armour, amphibious, 8 rings, camouflage 1, gelatinous body 1,
(nimble swimmer 1), tentacles
a: Renounce Religion


You were on level 8 of the Dungeon.
You worshipped Cheibriados.
Cheibriados was pleased with you.
You visited 1 branch of the dungeon, and saw 8 of its levels.
You also visited: Ossuary.

You collected 617 gold pieces.

Inventory:

Hand Weapons
 a - a +3 dagger
 y - a +2 short sword of venom (weapon)
Missiles
 b - 22 poisoned darts
 u - a curare-tipped dart (quivered)
Armour
 e - a +0 kite shield
 q - a +0 buckler
 G - a +2 buckler (worn)
Jewellery
 h - a +4 ring of slaying (left tentacle)
 r - a ring of ice
 C - a ring of poison resistance (right tentacle)
 D - a ring of see invisible (on tentacle)
Wands
 i - a wand of digging (3)
 B - a wand of polymorph (9)
 E - a wand of roots (22)
Scrolls
 c - a scroll of immolation {unknown}
 g - 3 scrolls of fear {unknown}
 j - 5 scrolls of identify {@r1}
 k - a scroll of poison {unknown}
 l - a scroll of blinking {unknown}
 n - a scroll of magic mapping
 o - a scroll of enchant armour
 p - 2 scrolls of noise
 s - a scroll of brand weapon {unknown}
 t - a scroll of fog {unknown}
 v - a scroll of enchant weapon
 w - 2 scrolls of amnesia {unknown}
 x - 2 scrolls of silence
Potions
 f - a potion of might
 z - a potion of degeneration
 A - 2 potions of attraction


   Skills:
 + Level 6.0 Fighting
 + Level 8.3 Short Blades
 - Level 2.0 Throwing
 - Level 8.0 Dodging
 + Level 11.3 Stealth


You had 9 spell levels left.
You didn't know any spells.
Your spell library contained the following spells:

 Spells                   Type           Power      Damage    Failure   Level
 Beastly Appendage        Tmut           0%         N/A       28%         1
 Foxfire                  Conj/Fire      0%         2x1d4     28%         1
 Shock                    Conj/Air       0%         1d3       28%         1
 Wereblood                Tmut           0%         N/A       38%         2
 Conjure Flame            Conj/Fire      0%         6-21      63%         3
 Inner Flame              Hex/Fire       0%         N/A       63%         3
 Spider Form              Tmut/Pois      0%         N/A       63%         3
 Swiftness                Air            0%         N/A       63%         3
 Airstrike                Air            0%         2d(0-16)  95%         4
 Flame Wave               Conj/Fire      0%         2d4       95%         4


Dungeon Overview and Level Annotations

Branches:
Dungeon (8/15)             Temple (0/1) D:6         Ossuary (visited)
   Lair: D:8-11

Altars:
Cheibriados
Makhleb
Qazlal
Uskayaw
Yredelemnul

Shops:
D:3 [   D:7 :

Annotations:
D:6 Blork the orc
D:8 Psyche


Innate Abilities, Weirdness & Mutations

You cannot wear most types of armour.
You are amphibious.
You can wear up to eight rings at the same time.
Your skin changes colour to match your surroundings (Stealth+).
Your rubbery body absorbs attacks. (AC +1, EV +1)
((You are camouflaged when in or above water. (Stealth+)))
You have tentacles for arms and can constrict up to eight enemies at once.


Message History

You block the gnoll's attack. x2
The gnoll attacks as you move away! You block the gnoll's attack. x2
Okay, then.
Okay, then.
Aiming: Fastroot
Press: ? - help, Shift-Dir - straight line, f/p - gnoll
Aim: a gnoll, wielding a +0 flail (silenced, severely wounded, very poisoned, slow)
The roots erupt in riotous growth!
Roots grab the gnoll.
Roots grab the gnoll sergeant.
Roots grab the gnoll. x2
Roots grab the wyvern.
The grasping roots constrict the wyvern.
The grasping roots constrict the gnoll sergeant.
The grasping roots constrict the gnoll. x3; The wyvern escapes!
The gnoll hits you with a +0 whip.
* * * LOW HITPOINT WARNING * * *
The gnoll hits you with a +0 flail.
* * * LOW HITPOINT WARNING * * *
The gnoll sergeant completely misses you.
The roots lose their grip on something.
The grasping roots constrict the gnoll!
You kill the gnoll!
Cheibriados appreciates the change of pace.
The grasping roots constrict the gnoll.
The grasping roots constrict the gnoll!
You kill the gnoll!
Cheibriados thoroughly appreciates the change of pace.
The roots release their grip on the gnoll.
The wyvern closely misses you. The gnoll hits you with a +0 whip.
* * * LOW HITPOINT WARNING * * *
The wyvern misses you.
You closely miss the wyvern.
The wyvern is lightly wounded.
The gnoll misses you. You block the gnoll's attack.
The gnoll sergeant barely misses you. The wyvern closely misses you.
You hit the wyvern but do no damage.
The wyvern is poisoned.
Your squeeze misses the wyvern.
The wyvern is lightly wounded.
The wyvern closely misses you. The gnoll barely misses you.
The gnoll sergeant hits you from afar with a +2 spear of freezing.
* * * LOW HITPOINT WARNING * * *
The gnoll sergeant freezes you.
You die...

.....##
.##.............##.....
.....#
.##...................#
.##...
.##........#..##....###
. #...#
#...........###..## .
##... #.............###
. #.##.
#.....##.......#
#.....##......##
.###..........####
.......@g......#
......g#l....$##
.......#g.#...#
........J.##.##
..........####
..........# ........###
....#...# #..###$##


You could see a wyvern (very poisoned), a gnoll sergeant, a jelly and 2 gnolls.

Vanquished Creatures
  Amaemon (D:8)
  An orange demon (D:8)
  Prince Ribbit (D:6)
  Sigmund (D:6)
  Menkaure (D:6)
  3 steam dragons
  A water moccasin (D:5)
  2 ice beasts
  An ogre (D:4)
  A black bear (D:4)
  4 centaurs
  A phantom (D:5)
  A kobold brigand (D:8)
  2 bullfrogs (D:7)
  A necrophage (D:7)
  A gnoll sergeant (D:7)
  4 howler monkeys
  3 jellies
  7 hounds
  3 orc priests
  2 centaur zombies (Ossuary)
  4 orc wizards
  2 mummies (Ossuary)
  7 gnolls
  3 adders
  A worm zombie (D:4)
  2 worms
  10 dart slugs
  18 orcs
  6 ball pythons
  4 endoplasms
  6 giant cockroaches
  3 gnoll zombies (Ossuary)
  8 goblins
  5 hobgoblins
  4 jackals (D:4)
  5 quokkas
  5 bats
  4 frilled lizards
  4 goblin zombies (Ossuary)
  4 hobgoblin zombies (Ossuary)
  11 kobolds
  2 orc zombies
  3 rats
163 creatures vanquished.

Vanquished Creatures (others)
  An orc warrior (D:8)
1 creature vanquished.

Grand Total: 164 creatures vanquished

Notes
Turn   | Place    | Note
-------+----------+-------------------------------------------
     0 | D:1      | freelancePsychic the Octopode Brigand began the quest for
                  | the Orb.
     0 | D:1      | Reached XP level 1. HP: 14/14 MP: 1/1
    59 | D:1      | Reached XP level 2. HP: 19/19 MP: 2/2
   357 | D:1      | Reached XP level 3. HP: 24/24 MP: 3/3
   381 | D:1      | Reached skill level 6 in Stealth
   846 | D:2      | You fall into a shaft and drop 1 floor!
   988 | D:3      | Reached XP level 4. HP: 29/29 MP: 4/4
  1231 | D:3      | Found a faded altar of an unknown god.
  1298 | D:3      | Found Xidgh's Antique Armour Boutique.
  1402 | D:4      | Found a sand-covered staircase.
  1434 | Ossuary  | Entered an ossuary
  1493 | Ossuary  | Reached XP level 5. HP: 19/34 MP: 5/5
  1885 | D:4      | Noticed an ogre
  2147 | D:4      | Reached XP level 6. HP: 41/41 MP: 6/6
  2298 | D:4      | Noticed a black bear
  2305 | D:4      | Killed a black bear
  2481 | D:4      | Found a snail-covered altar of Cheibriados.
  2572 | D:4      | Found a burning altar of Makhleb.
  2827 | D:4      | Reached XP level 7. HP: 45/46 MP: 7/7
  2849 | D:4      | Reached skill level 5 in Dodging
  3055 | D:4      | Became a worshipper of Cheibriados the Contemplative
  3093 | D:5      | Entered Level 5 of the Dungeon
  3979 | D:6      | Noticed Prince Ribbit
  3994 | D:6      | Killed Prince Ribbit
  3994 | D:6      | Noticed Sigmund
  3995 | D:6      | Reached XP level 8. HP: 32/54 MP: 8/8
  4323 | D:6      | Noticed Menkaure
  4336 | D:6      | Killed Menkaure
  4337 | D:6      | Reached skill level 5 in Short Blades
  4490 | D:6      | Found a staircase to the Ecumenical Temple.
  4497 | D:6      | Noticed Blork the orc
  4556 | D:6      | Killed Sigmund
  4557 | D:6      | Reached skill level 5 in Fighting
  4557 | D:6      | Reached skill level 7 in Stealth
  4728 | D:6      | Reached * piety under Cheibriados
  5054 | D:6      | Reached XP level 9. HP: 41/61 MP: 9/9
  5405 | D:7      | Found a large runed translucent door.
  5412 | D:7      | Found a large runed translucent door.
  5554 | D:7      | Found Ihehir's Book Boutique.
  5894 | D:7      | Reached skill level 8 in Stealth
  6108 | D:7      | Reached skill level 9 in Stealth
  6417 | D:7      | Reached ** piety under Cheibriados
  6714 | D:7      | Found a hide-covered altar of Uskayaw.
  6722 | D:7      | Found a basalt altar of Yredelemnul.
  6822 | D:8      | Noticed Amaemon
  6897 | D:8      | Reached skill level 10 in Stealth
  7194 | D:8      | Killed Amaemon
  7195 | D:8      | Reached XP level 10. HP: 50/68 MP: 10/10
  7198 | D:8      | Noticed an orange demon
  7208 | D:8      | Killed an orange demon
  7209 | D:8      | Reached skill level 11 in Stealth
  7443 | D:8      | Found a stormy altar of Qazlal.
  7447 | D:8      | Noticed Psyche
  7523 | D:8      | HP: 2/68 [gnoll/+0 whip[a gnoll sergeant] (5)]
  7525 | D:8      | Slain by a gnoll sergeant

Illustrated notes

Levels and vault maps discovered:
D:1:      ncdulo_smallfort, layout_rooms, dk_noncrumbling_4
D:2:      layout_loops_ring, kennysheep_generic_room_12
D:3:      layout_rooms, serial_shops, shop_fountains,
          dreamdust_ecumenical_altar_grove, reono_crystal_passage
D:4:      layout_loops_corners, makhleb_heckhound_becter, kennysheep_mini_moat,
          enter_ossuary_3
D:5:      layout_loops_ring, hangedman_decor_clover_reticule
D:6:      layout_loops_ring, minmay_temple_entry_mist, uniq_sigmund,
          uniq_blork_the_orc, uniq_crazy_yiuf_cottage, uniq_prince_ribbit1,
          uniq_menkaure
D:7:      layout_basic, jmf_multi_god_temple2, serial_shops, shop_fountains
D:8:      layout_cave_pools, grunt_qazlal_sundering, okawaru_altar_gauntlet_db,
          serial_shops, nicolae_shop_behind_doors,
          minmay_misc_feat_secret_circle, patterned_corridor, uniq_psyche,
          uniq_amaemon

Skill      XL: |  1  2  3  4  5  6  7  8  9 10 |
---------------+-------------------------------+-----
Dodging        | 2 3 4 6 7 8 |  8.0
Stealth        | 6 7 10 11 | 11.3
Short Blades   | 3 4 5 8 |  8.3
Fighting       | 3 4 5 6 |  6.0
Throwing       | |  2.0

Action                   |  1- 3 |  4- 6 |  7- 9 | 10-12 || total
-------------------------+-------+-------+-------+-------++-------
Melee: Dagger            |    55 |    80 |    16 |       ||   151
       Constrict         |    13 |    17 |    35 |     2 ||    67
       Tentacles         |     6 |    19 |    42 |     3 ||    70
       Punch             |       |     1 |     3 |       ||     4
       Short sword       |       |       |   161 |    10 ||   171
Throw: Dart              |       |    10 |     3 |     2 ||    15
Evoke: Wand              |       |       |       |     1 ||     1
  Use: Scroll            |     3 |     1 |     6 |     1 ||    11
       Potion            |       |     1 |     5 |     1 ||     7
 Stab: Sleeping          |    15 |    17 |    11 |     1 ||    44
       Invisible         |       |       |     1 |       ||     1
Armor: Skin              |     3 |     2 |     5 |       ||    10
Dodge: Dodged            |    22 |    40 |   116 |    11 ||   189
Block: Buckler           |       |       |     4 |    11 ||    15

Table legend: (Time is in decaauts)
 A = Elapsed time spent in this place.
 B = Non-inter-level travel time spent in this place.
 C = Inter-level travel time spent in this place.
 D = Time resting spent in this place.
 E = Time spent auto-exploring this place.
 F = Levels seen in this place.
 G = Mean time per level.
                   A        B        C        D        E       F      G
               +--------+--------+--------+--------+--------+-----+--------+
         Total |   8415 |   8107 |    308 |     64 |   6674 |   9 |  935.0 |
       Dungeon |   8077 |   7769 |    308 |     64 |   6446 |   8 | 1009.6 |
       Ossuary |    337 |    337 |      0 |      0 |    228 |   1 |  337.0 |
               +--------+--------+--------+--------+--------+-----+--------+

Top non-repeatable levels by time:
     D:7: 1737 daAuts
     D:5: 1412 daAuts
     D:4: 1351 daAuts
     D:6: 1299 daAuts
     D:8: 885 daAuts
     D:3: 551 daAuts
     D:1: 501 daAuts
     D:2: 339 daAuts
 Ossuary: 337 daAuts
